 Dungeon Crawl Stone Soup version 0.29-a0-322-g68df515428 (webtiles) character file.

Game seed: 10446436773684664652

12 GigaChad the Skirmisher (level 2, -1/24 HPs)
             Began as a Demonspawn Chaos Knight on Apr 8, 2022.
             Was a Plaything of Xom.
             Slain by a ball python (3 damage)
             ... on level 1 of the Dungeon.
             The game lasted 00:01:59 (570 turns).

GigaChad the Skirmisher (Demonspawn Chaos Knight)    Turns: 570, Time: 00:02:00

Health: -1/24      AC: 11    Str: 12    XL:     2   Next: 20%
Magic:  2/2        EV:  8    Int: 13    God:    Xom [..*...]
Gold:   13         SH:  0    Dex: 12    Spells: 1/1 levels left

rFire   . . .      SeeInvis .   a - +0 falchion (chaos)
rCold   . . .      Faith    .   (no shield)
rNeg    . . .      Spirit   .   b - +2 leather armour
rPois   .          Reflect  .   (no helmet)
rElec   .          Harm     .   (no cloak)
rCorr   .          Rampage  .   (no gloves)
Will    .....                   (no boots)
Stlth   +.........              (no amulet)
HPRegen 0.08/turn               (no ring)
MPRegen 0.08/turn               (no ring)

@: sanguine armoured, constricted
A: sanguine armour 1
a: Renounce Religion


You were on level 1 of the Dungeon.
You worshipped Xom.
You were a toy of Xom.
You visited 1 branch of the dungeon, and saw 1 of its levels.

You collected 13 gold pieces.

Inventory:

Hand Weapons
 a - a +0 falchion of chaos (weapon)
Missiles
 g - 4 boomerangs of dispersal
Armour
 b - a +2 leather armour (worn)
Scrolls
 d - a scroll of torment
 f - a scroll of blinking {unknown}
Potions
 e - 3 potions of mutation {unknown}
 h - a potion of heal wounds {unknown}
Miscellaneous
 c - a piece from Xom's chessboard (15/15) (quivered)


   Skills:
 + Level 3.3 Fighting
 + Level 2.9 Long Blades
 + Level 1.9 Armour
 + Level 0.9 Dodging


You had one spell level left.
You didn't know any spells.
Your spell library was empty.

Dungeon Overview and Level Annotations

Branches:
Dungeon (1/15)

Altars:


Innate Abilities, Weirdness & Mutations

When seriously injured, your blood forms armour. (AC +6)


Message History

You see here a ball python corpse.
Found an escape hatch in the floor.
The ball python bites you but does no damage.
The ball python grabs you. The ball python constricts you.
The hobgoblin hits you but does no damage.
You escape the ball python's grasp.
The ball python barely misses you. The ball python grabs you.
The ball python constricts you.
You escape the ball python's grasp.
The ball python closely misses you. The ball python barely misses you.
The hobgoblin hits you.
You closely miss the ball python.
The ball python bites you but does no damage.
The ball python barely misses you. The hobgoblin misses you.
You closely miss the ball python.
The ball python bites you but does no damage.
The ball python barely misses you.
The hobgoblin hits you but does no damage.
The ball python bites you but does no damage.
The ball python barely misses you.
You closely miss the ball python.
The hobgoblin hits you but does no damage.
The ball python barely misses you. The ball python grabs you.
The ball python constricts you.
You barely miss the ball python. The ball python bites you.
The ball python constricts you. The hobgoblin hits you.
The ball python bites you but does no damage.
The ball python constricts you.
You barely miss the ball python. The hobgoblin barely misses you.
The ball python bites you but does no damage.
The ball python constricts you. The hobgoblin hits you.
* * * LOW HITPOINT WARNING * * *
You closely miss the ball python. The ball python bites you.
* * * LOW HITPOINT WARNING * * *
The ball python constricts you. The hobgoblin barely misses you.
You hit the ball python but do no damage.
You drain the ball python.
The ball python is severely wounded.
The ball python barely misses you. The ball python constricts you.
The hobgoblin barely misses you. The ball python bites you.
You die...

#.##..............#
#.##..............#
..##..........###.# #
............### #.# ..
.#.........# #.# ... .
#.#############.#
....#####.##...>.........
.............##########..
........@§§.........###..
.......gS§○§......)......
.........§...........###.
............########.# .
............# #.# #
............# #.#
####........# #.#
#........# ..# #........#
###


You could see a hobgoblin and a ball python (very drained).

Vanquished Creatures
  2 ball pythons (D:1)
  4 bats (D:1)
  A giant cockroach (D:1)
  A hobgoblin (D:1)
  4 kobolds (D:1)
12 creatures vanquished.

Notes
Turn   | Place    | Note
-------+----------+-------------------------------------------
     0 | D:1      | GigaChad the Demonspawn Chaos Knight began the quest for
                  | the Orb.
     0 | D:1      | Reached XP level 1. HP: 18/18 MP: 1/1
   132 | D:1      | XOM: divination: detect items
   225 | D:1      | Gained mutation: When seriously injured, your blood forms
                  | armour. (AC +6) [demonic ancestry]
   225 | D:1      | Reached XP level 2. HP: 22/24 MP: 2/2
   292 | D:1      | XOM: silly message
   456 | D:1      | XOM: silly message
   555 | D:1      | XOM: smoke on damage
   570 | D:1      | Slain by a ball python

Illustrated notes

Levels and vault maps discovered:
D:1:      psy_arrival_fountain, layout_basic

Action                   || total
-------------------------++-------
Melee: Falchion          ||    43
  Use: Scroll            ||     1
Armor: Leather armour    ||    55
Dodge: Dodged            ||    88

Table legend: (Time is in decaauts)
 A = Elapsed time spent in this place.
 B = Non-inter-level travel time spent in this place.
 C = Inter-level travel time spent in this place.
 D = Time resting spent in this place.
 E = Time spent auto-exploring this place.
 F = Levels seen in this place.
 G = Mean time per level.
                   A        B        C        D        E       F      G
               +--------+--------+--------+--------+--------+-----+--------+
         Total |    576 |    576 |      0 |    130 |     17 |   1 |  576.0 |
       Dungeon |    576 |    576 |      0 |    130 |     17 |   1 |  576.0 |
               +--------+--------+--------+--------+--------+-----+--------+

Top non-repeatable levels by time:
     D:1: 576 daAuts
